 Dungeon Crawl Stone Soup version 0.22-b1-59-g0aedee7 (webtiles) character file.

941 goulibeur the Agent of Entropy (level 7, -1/56 HPs)
             Began as a Demonspawn Abyssal Knight on Aug 9, 2018.
             Was a Priest of Lugonu.
             Slain by Blork the orc
             ... wielding a +1 trident of venom
              (8 damage)
             ... on level 5 of the Dungeon.
             The game lasted 00:19:59 (5772 turns).

goulibeur the Agent of Entropy (DsAK)               Turns: 5772, Time: 00:20:00

Health: -1/56      AC:  8    Str: 13    XL:     7   Next: 88%
Magic:  12/12      EV: 13    Int: 13    God:    Lugonu [***...]
Gold:   191        SH:  0    Dex: 21    Spells: 6/6 levels left

rFire    + + .     SeeInvis .   a - +2 short sword
rCold    . . .     Gourm    .   (no shield)
rNeg     . . .     Faith    .   k - +1 ring mail
rPois    +         Spirit   .   r - +0 helmet "Bimafexyna" {rF++ Dex+3 Stlth-}
rElec    .         Reflect  .   (no cloak)
rCorr    .         Harm     .   (gloves unavailable)
MR       .....                  (no boots)
Stlth    ..........             (no amulet)
HPRegen  0.18/turn              p - ring of poison resistance
MPRegen  0.13/turn              f - +4 ring of dexterity

@: lethally poisoned (-1 -> -13)
A: claws 3, talons 1, demonic guardian 1, powered by pain 1
a: Depart the Abyss, Bend Space, Banish, Renounce Religion


You were on level 5 of the Dungeon.
You worshipped Lugonu.
Lugonu was most pleased with you.
You were not hungry.

You visited 1 branch of the dungeon, and saw 5 of its levels.
You visited the Abyss 1 time.

You collected 191 gold pieces.

Inventory:

Hand Weapons
 a - a +2 short sword (weapon)
 g - a +0 war axe
Armour
 k - a +1 ring mail (worn)
 r - the +0 helmet "Bimafexyna" (worn) {rF++ Dex+3 Stlth-}
   (You took it off Robin on level 2 of the Dungeon)

   It affects your dexterity (+3).
   It greatly protects you from fire.
   It makes you less stealthy.
 v - a +0 plate armour
Jewellery
 f - a +4 ring of dexterity (right claw)
 o - an uncursed ring of stealth
 p - a ring of poison resistance (left claw)
 q - a +1 ring of evasion {unknown}
Wands
 i - a wand of flame (48)
Scrolls
 b - a scroll of enchant weapon
 d - 2 scrolls of identify
 t - a scroll of teleportation
Potions
 e - a potion of brilliance
 h - 2 potions of invisibility {unknown}
 j - a potion of heal wounds {unknown}
 l - 3 potions of curing
 m - a potion of lignification {unknown}
 n - a potion of cancellation {unknown}
 s - 2 potions of flight
 u - a potion of magic {unknown}
Comestibles
 c - 9 rations


   Skills:
 + Level 5.0 Fighting
 - Level 1.7 Short Blades
 + Level 4.0 Armour
 + Level 3.6 Dodging
 * Level 7.9 Invocations


You had 6 spell levels left.
You didn't know any spells.
Your spell library was empty.

Dungeon Overview and Level Annotations

Branches:
Dungeon (5/15)             Temple (0/1) D:4

Altars:
Qazlal
Wu Jian

Annotations:
D:5 Blork the orc


Innate Abilities, Weirdness & Mutations

You have claws for hands.
You have sharp toenails.
A weak demonic guardian rushes to your aid.
You sometimes gain a little power by taking damage.


Message History

You miss something.
You feel sick.
You hear some strange, mumbled words.
A magic dart appears from out of thin air!
The magic dart hits you!
* * * LOW HITPOINT WARNING * * *
Something hits you but does no damage.
You miss something. You claw something. Something hits you but does no damage.
You hit something but do no damage. Something hits you but does no damage.
You are more poisoned.
Something hits you but does no damage.
You miss something.
You feel sick. Something hits you.
* * * LOW HITPOINT WARNING * * *
You are lethally poisoned!
You miss something. Your kick misses something.
* * * LOW HITPOINT WARNING * * *
You feel sick. Something hits you but does no damage.
You hit something but do no damage. Your kick misses something.
* * * LOW HITPOINT WARNING * * *
You feel sick. Something barely misses you. Something hits you!
You die...

.... #.###.#...........#
#.# #.....#.#'######### .
#######.### ######## ..
#.# #....[.# #.##.#
######.####.#
.#.#....#####...(..####.#
........................>#
..#.##...........##.######
.. #.###@###...#### . #.
#{# #...# ..###o###...#
.#.+..oo.'...#
#.#.#######.### # ###
#........ ### #........
... .......%. #..
#########


You could see 3 orcs.

Vanquished Creatures
  An ice beast (D:4)
  4 phantoms (D:4)
  A crimson imp (D:5)
  A bullfrog skeleton (D:3)
  An orc wizard (D:4)
  Natasha (thrice) (D:2)
  2 worker ants (D:4)
  An iguana (D:4)
  Robin (D:2)
  13 adders
  6 gnolls
  A worm (D:4)
  3 dart slugs
  3 leopard geckos
  7 orcs (D:4)
  3 bats
  4 giant cockroaches
  15 goblins
  6 hobgoblins
  4 jackals (D:3)
  5 kobolds
  A quokka (D:4)
  4 ball pythons
  6 frilled lizards
  2 jackal skeletons (D:4)
  A leopard gecko skeleton (D:4)
  6 rats
105 creatures vanquished.

Vanquished Creatures (collateral kills)
  A worker ant (D:4)
  A gnoll (D:4)
2 creatures vanquished.

Grand Total: 107 creatures vanquished

Notes
Turn   | Place    | Note
-------+----------+-------------------------------------------
     0 | Abyss:1  | goulibeur the Demonspawn Abyssal Knight began the quest for the Orb.
     0 | Abyss:1  | Reached XP level 1. HP: 18/18 MP: 2/2
    48 | Abyss:1  | Noticed a large abomination
    49 | D:1      | Escaped the Abyss
    93 | D:1      | Reached skill level 1 in Dodging
   124 | D:1      | Reached * piety under Lugonu
   200 | D:1      | Gained mutation: You have sharp fingernails. [demonic ancestry]
   200 | D:1      | Reached XP level 2. HP: 18/24 MP: 4/4
   321 | D:1      | Reached skill level 3 in Invocations
  1184 | D:2      | Gained mutation: You have sharp toenails. [demonic ancestry]
  1184 | D:2      | Reached XP level 3. HP: 23/29 MP: 5/5
  1342 | D:2      | Noticed Natasha
  1347 | D:2      | Killed Natasha
  1363 | D:2      | Reached skill level 4 in Invocations
  1363 | D:2      | Gained mutation: You have very sharp fingernails. [demonic ancestry]
  1363 | D:2      | Reached XP level 4. HP: 15/35 MP: 5/7
  1633 | D:2      | Reached ** piety under Lugonu
  1792 | D:2      | Noticed Natasha
  1829 | D:2      | HP: 1/36 [Natasha (2)]
  1831 | D:2      | Killed Natasha
  1831 | D:2      | Gained mutation: You sometimes gain a little power by taking damage. [demonic ancestry]
  1831 | D:2      | Reached XP level 5. HP: 2/42 MP: 8/8
  2206 | D:2      | Noticed Natasha
  2222 | D:2      | Killed Natasha
  2222 | D:2      | Reached skill level 5 in Invocations
  2688 | D:2      | Noticed Robin
  2729 | D:2      | Killed Robin
  2733 | D:2      | Got a heavily runed helmet
  2898 | D:2      | Identified the cursed +0 helmet "Bimafexyna" {rF++ Dex+3 Stlth-} (You took it off Robin on level 2 of the Dungeon)
  3302 | D:3      | Gained mutation: You have claws for hands. [demonic ancestry]
  3302 | D:3      | Reached XP level 6. HP: 48/48 MP: 10/10
  3538 | D:3      | Found a stormy altar of Qazlal.
  3934 | D:4      | Noticed an ice beast
  3955 | D:4      | Killed an ice beast
  3955 | D:4      | Reached skill level 6 in Invocations
  4242 | D:4      | Reached *** piety under Lugonu
  4395 | D:4      | Gained mutation: A weak demonic guardian rushes to your aid. [demonic ancestry]
  4395 | D:4      | Reached XP level 7. HP: 46/55 MP: 10/12
  4421 | D:4      | Reached skill level 7 in Invocations
  4583 | D:4      | Found a staircase to the Ecumenical Temple.
  5646 | D:5      | Entered Level 5 of the Dungeon
  5683 | D:5      | Reached skill level 5 in Fighting
  5718 | D:5      | Found an ornate altar of the Wu Jian Council.
  5741 | D:5      | Noticed Blork the orc
  5772 | D:5      | Slain by Blork the orc

Skill      XL: |  1  2  3  4  5  6  7 |
---------------+----------------------+-----
Dodging        | 1 2 3 |  3.6
Armour         | 2 3 4 |  4.0
Invocations    | 3 4 5 6 7 |  7.9
Fighting       | 4 5 |  5.0
Short Blades   | |  1.7

Action                   |  1- 3 |  4- 6 |  7- 9 || total
-------------------------+-------+-------+-------++-------
Melee: Short sword       |   103 |   235 |   134 ||   472
       Kick              |     5 |    64 |    49 ||   118
Invok: Depart the Abyss  |     1 |       |       ||     1
Evoke: Wand              |       |       |     4 ||     4
  Use: Scroll            |     3 |     5 |     2 ||    10
  Eat: Chunk             |     1 |     9 |     6 ||    16
Armor: Leather armour    |    18 |       |       ||    18
       Ring mail         |    17 |    58 |    44 ||   119
Dodge: Dodged            |    55 |   124 |    64 ||   243
